Map: Frozen Temple

Players

Akbar

  • Race: Zerg Zerg
  • League: Gold
  • Spawn Location: 5:00

Fropez - Winner!

  • Race: Protoss Protoss
  • League: Gold
  • Spawn Location: 11:00

VOD

Have the link to the VOD?

Description

Time

  • Played on: Nov. 7, 2016, 11:33 a.m.
  • Length: 27:51
Show
View Real Time Build Order
Export as new Build Order

Akbar Zerg 

Build Orders: Hatch First 

Get SALT Encoding   

  12  0:01  Drone  
  13  0:13  Overlord  
  13  0:18  Drone  
  14  0:27  Extractor, Drone  
  14  0:34  Drone  
  16  0:41  Drone  
  17  0:48  Drone  
  18  0:59  Hatchery  
  18  1:00  Drone  
  18  1:03  Extractor  
  17  1:08  Drone  
  18  1:21  Spawning Pool  
  18  1:23  Drone  
  18  1:32  Drone  
  19  1:39  Drone  
  20  1:50  Drone  
  21  2:02  Overlord  
  21  2:08  Metabolic Boost  
  21  2:11  Queen x2  
  21  2:13  Zergling x2  
  21  2:15  Zergling x2  
  27  2:32  Zergling x4  
  29  2:42  Drone x2  
  31  3:05  Spore Crawler  
  30  3:06  Drone x2  
  30  3:07  Drone x4  
  36  3:16  Spore Crawler  
  36  3:18  Overlord  
  35  3:36  Queen x2  
  35  3:37  Drone x2  
  35  3:38  Drone x3  
  44  3:51  Overlord x2  
  43  4:09  Roach Warren, Drone x2  
  45  4:10  Drone  
  45  4:28  Burrow, Pneumatized Carapace  
  45  4:29  Overlord x2  
  45  4:30  Drone x4  
  45  4:31  Drone x2  
  51  4:37  Baneling Nest  
  50  4:39  Extractor  
  49  4:49  Zergling x6  
  52  4:55  Roach x4  
  60  5:00  Extractor  
  60  5:01  Extractor  
  60  5:04  Evolution Chamber  
  57  5:07  Evolution Chamber  
  57  5:10  Evolution Chamber  
  55  5:15  Roach x2  
  55  5:16  Roach x3  
  65  5:32  Drone x5  
  65  5:33  Drone x2  
  72  5:42  Zerg Missile Weapons Level 1  
  72  5:45  Zerg Melee Weapons Level 1  
  72  5:46  Queen  
  72  6:01  Queen  
  69  6:10  Drone x19  
  68  6:17  Zergling x12  
  68  6:18  Zergling x2  
  73  6:45  Lair  
  73  6:50  Drone x2  
  75  7:05  Hatchery  
  74  7:13  Drone  
  75  7:17  Overlord x3  
  75  7:36  Zerg Ground Armor Level 1  
  75  7:37  Queen  
  75  7:43  Baneling x6  
  75  7:44  Baneling x2  
  75  7:45  Centrifical Hooks, Glial Reconstitution  
  75  7:47  Zerg Melee Weapons Level 2  
  75  7:51  Zerg Missile Weapons Level 2  
  75  7:55  Drone x4  
  75  7:57  Drone  
  75  7:58  Overlord x2  
  80  7:59  Zergling x6  
  80  8:00  Ravager, Zergling x2, Drone x13, Roach x2  
  80  8:01  Ravager x2  
  80  8:02  Drone x2  
  91  8:42  Zergling x2, Roach x3  
  91  8:43  Zergling x6, Roach x3  
  91  8:44  Hatchery  
  98  8:57  Zergling x6  
  99  9:13  Zergling x10, Roach  
  99  9:14  Zergling x4, Roach x3  
  108  9:39  Spore Crawler  
  101  9:49  Overseer  
  101  9:50  Zergling x4  
  101  9:51  Zergling x8, Roach x2  
  101  9:52  Zergling x2, Roach  
  114  9:56  Zergling x2  
  113  10:23  Drone x3  
  113  10:24  Drone x4  
  113  10:25  Drone x3  
  117  10:43  Zergling x6  
  117  10:44  Zergling x4, Roach  
  124  10:51  Queen  
  124  10:53  Overlord x4  
  124  10:54  Zerg Ground Armor Level 2  
  126  11:02  Baneling x6  
  126  11:03  Baneling  
  126  11:11  Queen x3  
  126  11:13  Extractor  
  126  11:14  Zergling x8  
  126  11:15  Zergling x2, Roach x2  
  126  11:17  Baneling  
  126  11:18  Baneling x3  
  140  11:22  Extractor  
  136  11:52  Drone x3  
  139  12:10  Overlord x3  
  139  12:14  Baneling  
  139  12:15  Baneling x6  
  139  12:16  Baneling x7  
  139  12:17  Baneling x3  
  139  12:20  Baneling x6  
  139  12:21  Baneling x14  
  139  12:46  Hatchery  
  136  13:16  Zergling x4  
  136  13:17  Zergling x8, Roach x2  
  136  13:18  Zergling x10, Roach x5  
  136  13:19  Roach  
  143  13:31  Zergling x6, Roach x4  
  143  13:32  Zergling x8, Roach x5  
  164  13:38  Ravager x6  
  164  13:39  Ravager x4  
  174  13:44  Infestation Pit  
  172  14:06  Overseer  
  172  14:08  Overseer x3  
  172  14:38  Zergling x10  
  176  14:39  Zergling x4, Roach  
  176  14:41  Baneling x2  
  176  14:42  Baneling x6  
  176  14:43  Overlord, Baneling x4  
  176  14:44  Overlord x4  
  181  14:49  Hydralisk Den  
  181  14:50  Hive  
  180  15:03  Spore Crawler  
  179  15:11  Infestor x3  
  185  15:28  Baneling x13  
  185  15:29  Zergling x14  
  185  15:30  Hydralisk x3  
  176  15:53  Zergling x6  
  176  15:54  Hydralisk x4, Zergling x6, Roach  
  176  15:55  Hydralisk x2  
  194  16:01  Muscular Augments  
  194  16:03  Drone  
  195  16:36  Drone  
  195  16:37  Drone x2  
  195  16:39  Hydralisk  
  200  16:42  Zerg Missile Weapons Level 3, Zerg Melee Weapons Level 3  
  200  16:51  Extractor  
  200  16:52  Extractor  
  198  17:07  Infestor  
  200  17:08  Overseer  
  200  17:24  Adrenal Glands  
  200  17:29  Zerg Ground Armor Level 3  
  200  17:30  Pathogen Glands  
  200  17:31  Tunneling Claws  
  200  17:55  Ultralisk Cavern  
  199  18:04  Baneling x3  
  199  18:05  Baneling x6  
  199  18:06  Baneling x3  
  199  18:18  Drone  
  197  18:39  Zergling x2  
  197  18:40  Zergling x6  
  190  18:43  Ultralisk  
  190  18:44  Chitinous Plating  
  196  19:02  Overlord, Roach x2  
  200  19:03  Overlord x4  
  200  19:46  Hatchery  
  199  20:01  Roach x26  
  199  20:04  Roach x26  
  199  20:08  Roach x26  
  199  20:17  Roach x26  
  199  20:41  Roach x15  
  197  21:01  Infestor, Ultralisk  
  197  21:02  Infestor x2, Ultralisk x2  
  197  21:03  Roach x5  
  197  21:04  Zergling x14  
  194  21:05  Zergling x2  
  189  21:14  Ultralisk x2  
  189  21:16  Zergling x10  
  200  21:20  Infestor x3  
  200  21:32  Hydralisk x10  
  200  21:37  Roach x7  
  180  22:05  Ultralisk x3  
  192  22:14  Ultralisk  
  165  22:17  Infestor  
  165  22:19  Infestor  
  125  22:23  Overlord x2, Ultralisk x5  
  125  22:24  Zergling x8, Roach  
  125  22:25  Zergling x10, Roach x5  
  125  22:26  Zergling x8, Roach  
  125  22:27  Roach x2  
  125  22:28  Roach  
  156  22:57  Zergling x2  
  156  22:58  Zergling x12, Roach x2  
  132  22:59  Zergling x2, Roach x4  
  132  23:00  Zergling x10, Roach x3  
  132  23:01  Zergling x14  
  132  23:02  Zergling x2  
  143  23:15  Hydralisk x3  
  131  23:35  Baneling x4  
  131  23:36  Baneling x7  
  131  23:37  Baneling x2  
  117  23:48  Roach  
  110  23:50  Roach  
  110  23:51  Zergling x2  
  110  23:52  Hydralisk, Roach x4  
  89  24:20  Zergling x4  
  89  24:21  Zergling x10, Roach x2  
  89  24:22  Zergling x2, Roach x2  
  105  24:32  Zergling x6  
  105  24:33  Zergling x4, Roach  
  107  24:56  Extractor x2  
  91  25:26  Zergling x10  
  91  25:27  Zergling x8, Roach x4  
  91  25:28  Roach  
  100  25:50  Zergling x2  
  100  25:51  Zergling x8  
  100  25:52  Ultralisk  
  101  26:08  Zergling x10  
  101  26:09  Zergling x2  
  101  26:10  Zergling x16  
  101  26:11  Zergling x14  
  122  26:30  Zergling x8  
  122  26:31  Zergling x2  
  122  26:32  Baneling x2  
  127  26:33  Baneling x4  
  127  26:34  Baneling x8  
  127  26:36  Roach x2  
  127  26:37  Roach  
  127  26:38  Zergling x6  
  127  26:39  Zergling x6  
  139  26:53  Zergling x4  
  139  26:54  Zergling x2  
  142  26:55  Roach x3  
  142  26:57  Zergling x2  
  149  27:11  Baneling x3  
  149  27:12  Baneling x6  
  82  27:24  Zergling x4  
  82  27:25  Zergling x2, Roach x2  
Show
View Real Time Build Order
Export as new Build Order

Fropez Protoss - Winner!

Build Orders:  

Get SALT Encoding   

  12  0:02  Probe (Chrono Boost)  
  13  0:15  Pylon  
  13  0:19  Probe (Chrono Boost)  
  14  0:30  Probe (Chrono Boost)  
  15  0:38  Gateway  
  15  0:41  Probe (Chrono Boost)  
  16  0:51  Pylon  
  16  0:52  Probe (Chrono Boost)  
  17  1:02  Probe (Chrono Boost)  
  18  1:13  Probe (Chrono Boost)  
  18  1:14  Assimilator  
  19  1:27  Probe (Chrono Boost)  
  19  1:28  Gateway  
  19  1:30  Assimilator  
  20  1:39  Probe (Chrono Boost)  
  21  1:46  Assimilator  
  21  1:49  Probe (Chrono Boost)  
  22  2:00  Probe (Chrono Boost)  
  23  2:07  Nexus  
  23  2:12  Pylon  
  23  2:31  Gateway  
  23  2:35  Gateway  
  23  2:39  Gateway  
  23  2:47  Cybernetics Core  
  23  2:59  Zealot (Chrono Boost)  
  23  3:02  Zealot (Chrono Boost)  
  27  3:24  Adept (Chrono Boost)  
  35  3:27  Adept (Chrono Boost)  
  35  3:28  Adept (Chrono Boost)  
  35  3:29  Adept (Chrono Boost)  
  35  3:38  Probe x2  
  37  3:56  Twilight Council  
  37  4:01  Robotics Facility  
  37  4:04  Warp Gate (Chrono Boost)  
  37  4:17  Probe  
  37  4:20  Probe  
  37  4:21  Assimilator  
  39  4:24  Pylon  
  39  4:40  Probe  
  39  4:41  Resonating Glaives (Chrono Boost)  
  39  4:42  Probe  
  41  4:50  Adept x3  
  47  4:54  Probe  
  48  5:04  Probe  
  48  5:06  Probe  
  50  5:10  Immortal  
  54  5:16  Probe  
  55  5:21  Pylon  
  55  5:26  Mothership Core  
  57  5:35  Probe  
  58  5:51  Warp Prism  
  58  6:09  Charge  
  50  6:27  Immortal  
  50  6:31  Probe x2  
  52  6:38  Pylon  
  52  6:39  Pylon  
  52  6:44  Pylon  
  52  6:49  Probe x2  
  52  6:53  Assimilator  
  54  7:01  Probe x2  
  56  7:04  Stalker x5  
  56  7:07  Immortal  
  70  7:20  Pylon  
  70  7:26  Probe  
  70  7:27  Robotics Facility  
  71  7:33  Dark Shrine  
  71  7:44  Zealot x4  
  71  7:45  Zealot  
  71  7:47  Immortal  
  85  8:16  Zealot x4  
  93  8:27  Forge  
  93  8:30  Forge  
  93  8:31  Immortal x2  
  95  8:56  Nexus  
  95  8:58  Pylon  
  87  9:07  Dark Templar x2  
  91  9:44  Dark Templar x3  
  91  9:45  Dark Templar x2  
  101  9:50  Archon x2  
  87  10:13  Probe x2  
  89  10:17  Zealot x4  
  89  10:18  Zealot  
  99  10:23  Protoss Ground Weapons Level 1 (Chrono Boost), Protoss Ground Armor Level 1 (Chrono Boost)  
  99  10:36  Observer x2  
  101  10:46  Photon Cannon  
  101  10:48  Photon Cannon  
  101  10:50  Probe x2  
  101  10:53  Photon Cannon  
  101  10:54  Zealot x4  
  101  10:55  Zealot  
  101  10:56  Pylon  
  113  11:37  Probe x2  
  108  11:46  Immortal x2  
  116  11:49  Probe  
  116  11:51  Dark Templar x4  
  116  11:52  Dark Templar  
  127  11:55  Archon  
  127  11:56  Archon  
  127  12:04  Probe x2  
  129  12:10  Assimilator  
  129  12:12  Assimilator  
  129  12:13  Pylon  
  129  12:15  Probe  
  129  12:16  Pylon  
  129  12:17  Probe x2  
  129  12:19  Gateway  
  132  12:27  Protoss Ground Armor Level 2 (Chrono Boost), Protoss Shields Level 1 (Chrono Boost)  
  132  12:36  Probe  
  132  12:38  Probe  
  134  12:54  Zealot x5  
  134  13:05  Probe  
  134  13:06  Immortal x2  
  134  13:07  Probe  
  144  13:19  Photon Cannon  
  112  13:30  Probe  
  112  13:32  Probe x2  
  108  13:40  Probe  
  108  13:43  Zealot  
  108  13:45  Immortal  
  108  13:46  Observer  
  116  13:59  Photon Cannon  
  116  14:03  Probe, Gateway  
  116  14:04  Photon Cannon  
  116  14:06  Probe x2  
  119  14:14  Probe  
  120  14:19  Protoss Shields Level 2 (Chrono Boost)  
  120  14:23  Probe  
  121  14:42  Zealot  
  123  14:54  Zealot x2  
  121  15:09  Probe  
  121  15:10  Probe  
  121  15:11  Probe  
  124  15:22  Nexus  
  124  15:25  Pylon, Dark Templar x2  
  128  15:29  Pylon  
  128  15:31  Archon  
  128  15:40  Zealot x4  
  128  15:41  Zealot  
  131  15:53  Probe  
  131  15:55  Probe x2  
  127  16:13  Nexus  
  127  16:23  Probe  
  127  16:25  Probe  
  129  16:38  Zealot x4  
  129  16:39  Zealot x2  
  131  17:03  Probe  
  131  17:05  Probe, Assimilator  
  131  17:06  Assimilator  
  131  17:09  Pylon  
  131  17:22  Pylon  
  131  17:26  Pylon  
  131  17:30  Pylon  
  131  17:44  Zealot  
  131  17:45  Zealot x6  
  145  17:53  Protoss Ground Armor Level 3 (Chrono Boost), Protoss Ground Weapons Level 2 (Chrono Boost)  
  145  17:59  Immortal  
  149  18:06  Immortal  
  153  18:26  Photon Cannon  
  153  18:27  Gateway  
  137  18:53  Probe  
  138  19:11  Nexus, Zealot x5  
  138  19:12  Zealot x2  
  138  19:14  Assimilator  
  138  19:16  Assimilator  
  152  19:21  Pylon  
  152  19:22  Pylon  
  152  19:40  Zealot x6  
  152  19:41  Zealot  
  166  19:56  Templar Archives  
  166  19:58  Gateway  
  166  20:00  Probe  
  166  20:01  Gateway  
  166  20:02  Protoss Ground Weapons Level 3 (Chrono Boost)  
  167  20:10  Protoss Shields Level 3 (Chrono Boost)  
  167  20:18  Probe x2  
  167  20:20  Probe x2  
  157  20:44  Observer x2  
  155  21:05  Probe x2  
  155  21:06  Probe  
  155  21:10  Immortal x2  
  166  21:17  Gateway  
  166  21:19  Gateway  
  166  21:22  Gateway, Photon Cannon  
  166  21:25  Photon Cannon  
  165  21:30  Nexus  
  165  21:36  Pylon  
  145  21:58  Zealot x5  
  145  21:59  Zealot x2  
  130  22:26  Zealot x7  
  140  22:47  Nexus  
  140  22:49  Pylon  
  140  22:51  Pylon  
  121  22:55  Assimilator  
  121  22:57  Assimilator  
  111  22:59  Pylon  
  103  23:10  High Templar x3  
  103  23:11  High Templar x6  
  103  23:12  High Templar x3  
  123  23:14  Archon  
  123  23:15  Archon x3  
  123  23:16  Archon  
  107  23:28  Archon  
  93  23:44  Probe x2  
  93  23:46  Probe  
  96  23:49  Probe  
  96  23:55  High Templar x2, Probe x2  
  93  23:56  High Templar x6  
  93  23:57  High Templar x4  
  93  24:00  Archon x2  
  93  24:01  Archon x3  
  93  24:02  Archon  
  107  24:09  Immortal  
  115  24:10  Immortal  
  115  24:24  Probe x2  
  115  24:25  Gateway  
  115  24:26  Probe x3, Gateway  
  115  24:27  Pylon  
  120  24:32  Zealot  
  120  24:33  Zealot x6  
  120  24:34  Zealot  
  124  24:49  Probe x2, Immortal x2  
  124  24:51  Probe  
  133  24:58  Pylon  
  133  24:59  Photon Cannon  
  131  25:04  Gateway  
  117  25:09  Zealot x4  
  117  25:10  Photon Cannon  
  121  25:21  Dark Templar x3  
  119  26:11  High Templar x4  
  119  26:12  High Templar x2  
  119  26:13  High Templar x5  
  119  26:14  High Templar  
  143  26:20  Assimilator  
  143  26:21  Archon x3  
  143  26:22  Archon x2  
  143  26:28  Probe x3  
  143  26:30  Probe x2  
  148  26:44  Archon x2  
  148  26:52  Nexus  
  148  26:54  Pylon  
  148  27:17  Zealot x2  
  148  27:18  Zealot x4  
  148  27:19  Zealot x5  
  154  27:40  Zealot  
  154  27:41  Zealot x4  
  160  27:45  High Templar x2  
  162  27:49  Archon  
Tags
 
League
GoldGold
Matchup
PvZ
Replay Pack
All Mines
Spawn Locations
Cross Positions
Add a new tag
Caveats
  • Supply blocks, unpowered buildings, or Contaminate may cause inaccurate times.
  • Supply counts are checked every 10 seconds.